 Dungeon Crawl Stone Soup version 0.31-a0-557-g6e16503903 (webtiles) character file.

Game seed: 6721686339973032202

96 Newt the Changeling (level 4, -2/38 HPs)
             Began as a Draconian Shapeshifter on Aug 16, 2023.
             Slain by Sigmund
             ... wielding a +0 scythe
              (10 damage)
             ... on level 3 of the Dungeon.
             The game lasted 00:01:58 (1700 turns).

Newt the Changeling (Draconian Shapeshifter)        Turns: 1700, Time: 00:01:59

Health: -2/38      AC:  5    Str: 19    XL:     4   Next: 41%
Magic:  4/4        EV: 12    Int:  9    God:
Gold:   90         SH:  0    Dex: 11    Spells: 3/3 levels left

rFire   . . .        k - +2 dagger (venom)
rCold   . . .        (no shield)
rNeg    . . .        (body armour unavailable)
rPois   .            (helmet currently unavailable)
rElec   .            (cloak currently unavailable)
rCorr   .            (gloves currently unavailable)
SInv    .            (boots currently unavailable)
Will    .....        (no amulet)
Stlth   +            (no ring)
HPRegen 0.26/turn    (no ring)
MPRegen 0.09/turn

%: no passive effects
@: mighty, beast-form
A: beast (slay +2), AC +5, unfitting armour, cold-blooded
a: Begin Untransformation


You were on level 3 of the Dungeon.
You were a hulking beast.
You visited 1 branch of the dungeon, and saw 3 of its levels.

You collected 140 gold pieces.
You spent 50 gold pieces at shops.

Inventory:

Hand Weapons
 g - a +0 whip
 k - a +2 dagger of venom (weapon)
Talismans
 b - a beast talisman (active)
 c - a flux talisman
Scrolls
 n - a scroll of revelation
Potions
 a - 2 potions of lignification
 d - a potion of degeneration
 e - a potion of haste {unknown}
 h - 2 potions of might
 i - a potion of enlightenment {unknown}
 j - a potion of brilliance {unknown}
 m - 2 potions of heal wounds {unknown}


   Skills:
 - Level 3.0 Fighting
 - Level 1.7 Dodging
 - Level 3.0 Unarmed Combat
 + Level 4.1 Shapeshifting


You had 3 spell levels left.
You didn't know any spells.
Your spell library was empty.

Dungeon Overview and Level Annotations

Branches:
Dungeon (3/15)

Altars:

Shops:
D:2 *=

Annotations:
D:3 Sigmund


Innate Abilities, Weirdness & Mutations

You are a hulking beast.
Your limbs bulge with bestial killing power. (Slay +2)
Your plain brown scales are hard. (AC +5)
You cannot fit into any form of body armour.
You are cold-blooded and may be slowed by cold attacks.


Message History

No target in view!
No target in view!
No target in view!
No target in view!
No target in view!
You now have 82 gold pieces (gained 11).
You now have 90 gold pieces (gained 8).
h - 3 potions of might (gained 1) Sigmund the Dreaded comes into view.
He is wielding a +0 scythe.
Sigmund shouts!
Sigmund is nearby!
Sigmund completely misses you.
You hit Sigmund but do no damage.
Sigmund is poisoned.
You completely miss Sigmund. Sigmund gestures at you while chanting.
You are confused.
You are too confused!
You are too confused!
You are too confused!
You are too confused!
Sigmund gestures wildly while chanting.
Sigmund flickers and vanishes!
Deactivating autopickup; reactivate with Ctrl-A.
Something hits you. Something hits you.
You bump into the rock wall.
You miss something.
Your tail-slap misses something.
Something hits you.
You bump into the rock wall.
You feel less confused. Something hits you!
You miss something. You tail-slap something. You hit something.
You hear some strange, mumbled words.
A puff of flame appears from out of thin air!
The puff of flame hits you.
You barely miss something. Something hits you!
* * * LOW HITPOINT WARNING * * *
You feel very mighty all of a sudden. Something hits you!
You die...

.. #.##.##.+###### #.
#.##.##........
#.##.##.#.........
######.#....).)#.......
......#....).....######
#..###......# #..#
#[......#
#..###.......#
#h...........#
#.{#.###.##..#
#..#.........# #..#
#.#. ...# #... ....
.#.# ##.## #.. #.. ..
###


There were no monsters in sight!

Vanquished Creatures
  4 adders
  A worm (D:3)
  A dart slug (D:1)
  6 ball pythons
  6 bats
  3 endoplasms (D:1)
  A giant cockroach (D:1)
  10 goblins
  4 hobgoblins
  3 quokkas
  6 frilled lizards
  7 kobolds
  4 rats
56 creatures vanquished.

Notes
Turn   | Place    | Note
-------+----------+-------------------------------------------
     0 | D:1      | Newt the Draconian Shapeshifter began the quest for the
                  | Orb.
     0 | D:1      | Reached XP level 1. HP: 16/16 MP: 1/1
    97 | D:1      | Reached XP level 2. HP: 25/25 MP: 2/2
   505 | D:1      | Reached XP level 3. HP: 31/31 MP: 3/3
  1092 | D:2      | Noticed a floating eye
  1095 | D:2      | Found a faded altar of an unknown god.
  1096 | D:2      | Noticed a floating eye
  1096 | D:2      | Noticed a shining eye
  1096 | D:2      | Noticed a floating eye
  1344 | D:2      | Found Jogorrik's Jewellery Shop.
  1423 | D:2      | Reached XP level 4. HP: 38/38 MP: 4/4
  1483 | D:2      | Found Muewnas's Assorted Antiques.
  1488 | D:2      | Bought a scroll labelled GUCKAFUHAO for 25 gold pieces
  1501 | D:2      | Bought a scroll labelled KUDISE ZUSU for 25 gold pieces
  1589 | D:3      | Reached skill level 4 in Shapeshifting
  1685 | D:3      | Noticed Sigmund
  1700 | D:3      | Slain by Sigmund

Illustrated notes

Levels and vault maps discovered:
D:1:      dpeg_arrival_prison, layout_basic
D:2:      layout_rooms, serial_glass, glass_columns_a, glass_columns_b,
          serial_shops, nicolae_shop_hallway_plus, nicolae_shop_gaudy_bauble,
          hellmonk_ecumenical_altar_watching_god, skrybe_limestone_x,
          kennysheep_cross_bottleneck
D:3:      layout_loops_ring, minivault_11, st_stairs_13, uniq_sigmund

Skill      XL: |  1  2  3  4 |
---------------+-------------+-----
Fighting       | 2 3 |  3.0
Shapeshifting  | 4 |  4.1
Dodging        | |  1.7
Unarmed Combat | |  3.0

Action                     |  1- 3 |  4- 6 || total
---------------------------+-------+-------++-------
  Melee: Unarmed           |    47 |       ||    47
         Tailslap          |     6 |     2 ||     8
         Punch             |     3 |     1 ||     4
         Whip              |    40 |       ||    40
         Dagger            |    12 |    36 ||    48
    Use: Scroll            |       |     6 ||     6
         Potion            |       |     1 ||     1
   Stab: Sleeping          |     1 |       ||     1
 Armour: Skin              |    24 |    16 ||    40
  Dodge: Dodged            |    55 |    27 ||    82

Table legend: (Time is in decaauts)
 A = Elapsed time spent in this place.
 B = Non-inter-level travel time spent in this place.
 C = Inter-level travel time spent in this place.
 D = Time resting spent in this place.
 E = Time spent auto-exploring this place.
 F = Levels seen in this place.
 G = Mean time per level.
                   A        B        C        D        E       F      G
               +--------+--------+--------+--------+--------+-----+--------+
         Total |   1702 |   1673 |     29 |      0 |   1327 |   3 |  567.3 |
       Dungeon |   1702 |   1673 |     29 |      0 |   1327 |   3 |  567.3 |
               +--------+--------+--------+--------+--------+-----+--------+

Top non-repeatable levels by time:
     D:1: 904 daAuts
     D:2: 620 daAuts
     D:3: 176 daAuts
